 Dungeon Crawl Stone Soup version 0.23.2-30-g0e89c35649 (webtiles) character file.

Game seed: 4584539762974627179

2406 DildoBatman the Tainter (level 9, -13/61 HPs)
             Began as a Formicid Wizard on June 20, 2019.
             Was a Believer of Kikubaaqudgha.
             Mangled by Harold
             ... wielding a +1 scimitar of electrocution
              (21 damage)
             ... on level 7 of the Dungeon.
             The game lasted 00:24:55 (6502 turns).

DildoBatman the Tainter (Formicid Wizard)           Turns: 6502, Time: 00:24:56

Health: -13/61     AC:  4    Str: 12    XL:     9   Next: 75%
Magic:  2/15       EV: 12    Int: 27    God:    Kikubaaqudgha [**....]
Gold:   269        SH:  0    Dex:  9    Spells: 4/16 levels left

rFire    . . .     SeeInvis +   a - +2 short sword (venom)
rCold    . . .     Gourm    .   (no shield)
rNeg     . . .     Faith    .   d - +2 robe {MR+}
rPois    +         Spirit   .   (helmet unavailable)
rElec    .         Reflect  .   (no cloak)
rCorr    .         Harm     .   (no gloves)
MR       +....                  (no boots)
Stlth    ++........             (no amulet)
HPRegen  0.20/turn              u - +6 ring of intelligence
MPRegen  0.14/turn              j - ring of poison resistance

@: no status effects
A: permanent stasis, dig shafts and tunnels, four strong arms, antennae 3
a: Dig, Shaft Self, Receive Corpses, Renounce Religion


You were on level 7 of the Dungeon.
You worshipped Kikubaaqudgha.
Kikubaaqudgha was pleased with you.
You were hungry.

You visited 2 branches of the dungeon, and saw 8 of its levels.

You collected 269 gold pieces.

Inventory:

Hand Weapons
 a - a +2 short sword of venom (weapon)
 c - a +0 hunting sling
 e - a +5 falchion
 f - a +0 halberd
Missiles
 g - 122 arrows
 n - 56 bolts
 t - 50 sling bullets
 E - 13 poisoned needles
Armour
 d - a +2 robe of magic resistance (worn)
 h - a +2 leather armour of fire resistance
Jewellery
 j - a ring of poison resistance (right hand)
 u - a +6 ring of intelligence (left hand)
Wands
 w - a wand of acid (9)
 C - a wand of digging (5)
 F - a wand of flame (29)
 G - a wand of polymorph (12)
Scrolls
 k - a scroll of teleportation {unknown}
 l - a scroll of noise {unknown}
 o - 6 scrolls of identify {unknown}
 q - 3 scrolls of magic mapping {unknown}
 s - 2 scrolls of enchant armour {unknown}
 x - a scroll of fear {unknown}
 y - 2 scrolls of blinking {unknown}
 z - 3 scrolls of remove curse {unknown}
 A - 2 scrolls of enchant weapon {unknown}
 D - a scroll of immolation {unknown}
Potions
 i - a potion of agility
 m - a potion of heal wounds {unknown}
 p - a potion of magic {unknown}
 r - 3 potions of curing {unknown}
 B - a potion of degeneration {unknown}
 H - a potion of brilliance {unknown}
Comestibles
 v - 11 rations


   Skills:
 * Level 2.0 Fighting
 * Level 2.1 Armour
 * Level 2.6 Dodging
 * Level 3.7 Stealth
 - Level 4.0 Spellcasting
 - Level 6.2 Conjurations
   Level 1.0 Summonings
   Level 0.8 Translocations
 - Level 4.0 Fire Magic
 - Level 4.0 Air Magic
 - Level 8.0 Poison Magic


You had 4 spell levels left.
You knew the following spells:

 Your Spells              Type           Power        Failure   Level  Hunger
a - Conjure Flame         Conj/Fire      ####....     3%          3    ##.....
b - Vampiric Draining     Necr           #.........   24%         3    ##.....
c - Magic Dart            Conj           ####         1%          1    None
d - Sublimation of Blood  Necr           #.........   12%         2    None
e - Mephitic Cloud        Conj/Pois/Air  #####...     1%          3    ##.....

Your spell library contained the following spells:

 Spells                   Type           Power        Failure   Level  Hunger
 Confusing Touch          Hex            #.....       8%          1    None
 Pain                     Necr           #...         8%          1    None
 Call Imp                 Summ           ##......     8%          2    None
 Corpse Rot               Necr           N/A          12%         2    None
 Slow                     Hex            #.......     12%         2    None
 Gell's Gravitas          Tloc           ##........   17%         3    ##.....
 Confuse                  Hex            #.......     24%         3    ##.....
 Petrify                  Tmut/Erth      #.......     61%         4    ####...
 Metabolic Englaciation   Hex/Ice        #.........   91%         5    #####..
 Yara's Violent Unravell  Hex/Tmut       #.........   91%         5    #####..
 Blink                    Tloc           Unusable     N/A         2    N/A

Dungeon Overview and Level Annotations

Branches:
Dungeon (7/15)             Temple (1/1) D:4

Altars:
Ashenzari
Cheibriados
Dithmenos
Elyvilon
Fedhas
Gozag
Hepliaklqana
Kikubaaqudgha
Makhleb
Nemelex Xobeh
Okawaru
Qazlal
Ru
Sif Muna
Trog
Uskayaw
Vehumet
Wu Jian
Xom
Yredelemnul
Zin
The Shining One

Annotations:
D:7 Harold


Innate Abilities, Weirdness & Mutations

You cannot be hasted, slowed, berserked, paralysed or teleported.
You can dig through walls and to a lower floor.
Your four strong arms can wield two-handed weapons with a shield.
You have a pair of large antennae on your head. (SInv)


Message History

Harold hits you with a +1 scimitar of electrocution!
Harold seems less confused.
Harold is engulfed in blazing flames.
Harold gestures at you while chanting. The harpoon shot misses you.
Aiming: Corrosive Bolt
Press: ? - help, Shift-Dir - straight line, f/p - Harold
Aim: Harold, wielding a +1 scimitar of electrocution and wearing a +1 chain mail of fire resistance (flame, severely wounded, poisoned)
The bolt of acid misses Harold.
Harold is engulfed in blazing flames.
Aiming: Corrosive Bolt
Press: ? - help, Shift-Dir - straight line, f/p - Harold
Aim: Harold, wielding a +1 scimitar of electrocution and wearing a +1 chain mail of fire resistance (severely wounded, poisoned)
The bolt of acid hits Harold!
Harold is splashed with acid.
The acid corrodes Harold!
Harold is almost dead.
Harold hits you with a +1 scimitar of electrocution!!
You die...
Kikubaaqudgha rasps: "You have failed me!
Welcome... death!"

### ### #########.#####.#
...........@@○..# ###
.......÷..#####.# #..
..........#####.# ###
..........##.##.# #
.########.#.#c#.####### #
#.(###(.#.....# # #(##
##@#.$...# #
#(#####.#..)..######
....................'.....


You could see Harold.

Vanquished Creatures
  A hornet (D:7)
  Prince Ribbit (D:5)
  Sigmund (D:3)
  Duvessa (D:5)
  An orc warrior (D:6)
  4 centaurs
  Blork the orc (D:5)
  A scorpion (D:4)
  Dowan (D:5)
  3 wights (D:7)
  2 howler monkeys
  A crimson imp (D:6)
  A centaur zombie (D:6)
  A jelly (D:5)
  A gnoll shaman (D:5)
  4 hounds
  4 orc priests
  A centaur skeleton (D:6)
  4 worker ants
  Ijyb (D:2)
  2 iguanas (D:6)
  9 orc wizards
  A hound skeleton (D:6)
  A worker ant zombie (D:5)
  4 gnolls
  6 adders
  A shadow imp (D:6)
  3 oozes
  5 worms
  2 dart slugs
  3 leopard geckos
  31 orcs
  2 ball pythons
  5 bats
  2 giant cockroaches
  10 goblins
  5 hobgoblins
  9 jackals
  3 frilled lizards
  A jackal skeleton (D:5)
  4 kobolds
  A quokka skeleton (D:5)
  6 rats
151 creatures vanquished.

Vanquished Creatures (collateral kills)
  An orc (D:4)
1 creature vanquished.

Vanquished Creatures (others)
  2 orc wizards (D:4)
  2 orcs (D:4)
4 creatures vanquished.

Grand Total: 156 creatures vanquished

Notes
Turn   | Place    | Note
-------+----------+-------------------------------------------
     0 | D:1      | DildoBatman the Formicid Wizard began the quest for the
                  | Orb.
     0 | D:1      | Reached XP level 1. HP: 13/13 MP: 4/4
    61 | D:1      | Reached skill level 1 in Conjurations
   185 | D:1      | Reached XP level 2. HP: 19/19 MP: 3/6
   524 | D:1      | Reached XP level 3. HP: 19/24 MP: 0/7
   529 | D:1      | Learned a level 3 spell: Conjure Flame
   533 | D:1      | Learned a level 3 spell: Mephitic Cloud
  1258 | D:2      | Reached XP level 4. HP: 27/30 MP: 0/8
  2111 | D:3      | Noticed Ijyb
  2357 | D:3      | Reached XP level 5. HP: 33/35 MP: 3/9
  3235 | D:4      | Reached XP level 6. HP: 32/41 MP: 4/10
  3240 | D:4      | Reached skill level 5 in Conjurations
  3293 | D:4      | Got an ichor-stained plate armour
  3293 | D:4      | Noticed Sigmund
  3366 | D:4      | Found a staircase to the Ecumenical Temple.
  3373 | Temple   | Entered the Ecumenical Temple
  3445 | Temple   | Became a worshipper of Kikubaaqudgha
  3490 | D:4      | Found a radiant altar of Vehumet.
  3602 | D:4      | Reached XP level 7. HP: 41/46 MP: 2/11
  3609 | D:4      | Found a basalt altar of Yredelemnul.
  3649 | D:4      | Reached skill level 1 in Poison Magic
  3768 | D:4      | Reached * piety under Kikubaaqudgha
  3768 | D:4      | Identified Kikubaaqudgha's Volume of Stolen Souls
                  | (Kikubaaqudgha gifted it to you on level 4 of the Dungeon)
  3768 | D:4      | Received a gift from Kikubaaqudgha
  3774 | D:4      | Reached skill level 1 in Fire Magic
  3806 | D:4      | Identified the +8 plate armour of Egalitarianism {SInv}
                  | (You found it on level 4 of the Dungeon)
  3891 | D:4      | Reached skill level 1 in Air Magic
  4065 | D:4      | Reached skill level 2 in Poison Magic
  4292 | D:3      | Killed Sigmund
  4292 | D:3      | Reached XP level 8. HP: 52/52 MP: 10/14
  4570 | D:2      | Killed Ijyb
  4615 | D:5      | Entered Level 5 of the Dungeon
  4635 | D:5      | Reached skill level 3 in Poison Magic
  4725 | D:5      | Noticed Blork the orc
  4749 | D:5      | Noticed Prince Ribbit
  4754 | D:5      | Reached skill level 4 in Poison Magic
  4793 | D:5      | Killed Blork the orc
  4835 | D:5      | Killed Prince Ribbit
  4835 | D:5      | Reached skill level 5 in Poison Magic
  4896 | D:5      | Got a shimmering whip
  4897 | D:5      | Identified the +4 whip "Kiov" {flame, SInv} (You found it
                  | on level 5 of the Dungeon)
  5013 | D:5      | Found a glowing silver altar of Zin.
  5301 | D:6      | Noticed Duvessa
  5301 | D:6      | Noticed Dowan
  5318 | D:5      | Killed Dowan
  5320 | D:5      | Killed Duvessa
  5320 | D:5      | Reached XP level 9. HP: 51/57 MP: 9/15
  5356 | D:6      | Reached skill level 6 in Poison Magic
  5386 | D:6      | Reached ** piety under Kikubaaqudgha
  5585 | D:6      | Reached skill level 7 in Poison Magic
  5963 | D:6      | Reached skill level 8 in Poison Magic
  5969 | D:6      | Learned a level 3 spell: Vampiric Draining
  5972 | D:6      | Learned a level 2 spell: Sublimation of Blood
  5977 | D:7      | Noticed a hornet
  5982 | D:7      | Killed a hornet
  5982 | D:7      | Reached skill level 1 in Fighting
  5982 | D:7      | Reached skill level 1 in Armour
  6400 | D:7      | Noticed Harold
  6502 | D:7      | Mangled by Harold

Skill      XL: |  1  2  3  4  5  6  7  8  9 |
---------------+----------------------------+-----
Conjurations   | 1 2 3 4 6 |  6.2
Poison Magic   | 2 5 8 |  8.0
Fire Magic     | 2 4 |  4.0
Air Magic      | 1 3 4 |  4.0
Spellcasting   | 4 |  4.0
Fighting       | 2 |  2.0
Armour         | 2 |  2.1
Dodging        | 2 |  2.6
Stealth        | 3 |  3.7
Summonings     | |  1.0
Translocations | |  0.8

Action                   |  1- 3 |  4- 6 |  7- 9 || total
-------------------------+-------+-------+-------++-------
Melee: Dagger            |     2 |       |    20 ||    22
       Short sword       |    11 |    56 |   141 ||   208
       Flail             |       |    58 |       ||    58
       Trident           |       |    39 |    44 ||    83
       Halberd           |       |       |    36 ||    36
 Fire: Hunting sling     |       |    13 |       ||    13
Throw: Stone             |    10 |       |       ||    10
 Cast: Magic Dart        |    57 |    52 |    40 ||   149
       Conjure Flame     |     3 |     6 |    13 ||    22
       Mephitic Cloud    |     2 |    20 |    35 ||    57
 Abil: Dig               |     1 |     3 |    10 ||    14
Evoke: Wand              |       |       |     2 ||     2
 Stab: Sleeping          |     3 |     1 |       ||     4
       Confused          |       |     7 |    11 ||    18
  Eat: Chunk             |     1 |    10 |    13 ||    24
Armor: Robe              |     4 |    13 |     2 ||    19
       Leather armour    |       |    24 |    27 ||    51
Dodge: Dodged            |    16 |    88 |   103 ||   207
